 Dungeon Crawl Stone Soup version 0.29.1-13-g9f3cf754e1 (webtiles) character file.

Game seed: 2827180984784596402

23 shadowmeld the Insei (level 3, 0/40 HPs)
             Began as a Djinni Transmuter on Jan 28, 2023.
             Slain by a quokka (3 damage)
             ... on level 1 of the Dungeon.
             The game lasted 00:04:21 (969 turns).

shadowmeld the Insei (Djinni Transmuter)             Turns: 969, Time: 00:04:22

Health: 0/40       AC: 21    Str: 11    XL:     3   Next: 10%
Gold:   39         EV:  2    Int: 14    God:
                   SH:  0    Dex: 13

rFire   . . .      SeeInvis .     - Unarmed
rCold   . . .      Faith    .   (no shield)
rNeg    . . .      Spirit   .   (body armour currently unavailable)
rPois   ∞          Reflect  .   (helmet currently unavailable)
rElec   .          Harm     .   (cloak currently unavailable)
rCorr   .          Rampage  .   (gloves currently unavailable)
Will    .....      NoTele   +   (boots unavailable)
Stlth   +.........              (no amulet)
HPRegen 0.13/turn               (no ring)
MPRegen 0.00/turn               (no ring)

@: tree-form
A: stationary, stasis, torment immunity, boosted hp, sickness immunity, (fire
resistance 2), (cold vulnerability 1), float, innate caster, HP casting, extra
vitality 1
a: no special abilities


You were on level 1 of the Dungeon.
You were a tree.
You visited 1 branch of the dungeon, and saw 1 of its levels.

You collected 39 gold pieces.

Inventory:

Missiles
 k - 4 poisoned darts
Armour
 a - a +0 robe (melded)
Wands
 g - a wand of charming (11) (quivered)
Scrolls
 e - a scroll of identify {unknown}
 f - a scroll of enchant armour {unknown}
 i - a scroll of immolation {unknown}
 l - a scroll of noise {unknown}
Potions
 b - a potion of lignification
 c - 4 potions of mutation {unknown}
 d - a potion of berserk rage {unknown}
 h - a potion of attraction {unknown}
 j - a potion of resistance {unknown}


   Skills:
 + Level 1.0 Fighting
 + Level 2.4 Dodging
 + Level 3.5 Unarmed Combat
 + Level 2.0 Spellcasting


You couldn't memorise any spells.
You knew the following spells:

 Your Spells              Type           Power      Damage    Failure   Level
a - Beastly Appendage     Tmut           14%        N/A       11%         1
b - Wereblood             Tmut           7%         N/A       16%         2
c - Spider Form           Tmut/Pois      7%         N/A       30%         3
d - Ice Form              Ice/Tmut       7%         N/A       71%         4
e - Summon Small Mammal   Summ           28%        N/A       11%         1
Your spell library was empty.

Dungeon Overview and Level Annotations

Branches:
Dungeon (1/15)

Altars:


Innate Abilities, Weirdness & Mutations

You are a tree.
Your roots penetrate the ground, keeping you stationary.
You cannot be teleported.
You are immune to unholy pain and torment.
Your maximum health is greatly increased.
Your equipment is partially melded.
You are immune to sickness and miasma.
You are immune to poison.
((Your flesh is very heat resistant. (rF++)))
((You are vulnerable to cold. (rC-)))
You float through the air rather than walking.
You learn spells naturally, not from books.
Your magical power is your life essence.
You have superior vitality. (+4 MHP)


Message History

You punch the hobgoblin!
You kill the hobgoblin!
b - 2 potions of lignification (gained 1)
Things that are here:
a +0 short sword; a ball python corpse You see here a ball python corpse.
j - a fizzy emerald potion You see here 4 poisoned darts.
k - 4 poisoned darts You see here a +0 robe.
l - a scroll labelled OCOF IPHAYKEJI A quokka comes into view.
A hobgoblin comes into view.
The hobgoblin shouts!
The hobgoblin moves out of view.
The hobgoblin attacks as you move away! The hobgoblin hits you.
You closely miss the hobgoblin. Your punch misses the hobgoblin.
The hobgoblin hits you.
You hit the hobgoblin.
The hobgoblin is almost dead.
The hobgoblin closely misses you.
You hit the hobgoblin.
You kill the hobgoblin!
You barely miss the quokka. The quokka closely misses you.
You closely miss the quokka. The quokka misses you.
You completely miss the quokka. The quokka closely misses you.
You hit the quokka.
The quokka is heavily wounded.
The quokka bites you.
* * * LOW HITPOINT WARNING * * *
You hit the quokka but do no damage.
The quokka is heavily wounded.
The quokka bites you.
* * * LOW HITPOINT WARNING * * *
The quokka bites you.
* * * LOW HITPOINT WARNING * * *
Really quaff the potion of lignification?
You turn into a tree.
Your +0 robe melds into your body.
Your roots penetrate the ground.
The quokka bites you.
You die...

###........
......... #......
..... #..# ##..##
#....#
############..#r#
##...[.........#♣#
..............##.#
...........#####..
##.........# ##.#
##.........## ..
.#..........# #.#
.)†.........# .#
##..........# .#
############# ####


You could see a quokka.

Vanquished Creatures
  An endoplasm (D:1)
  2 goblins (D:1)
  3 hobgoblins (D:1)
  A quokka (D:1)
  2 ball pythons (D:1)
  7 bats (D:1)
  A frilled lizard (D:1)
  3 kobolds (D:1)
20 creatures vanquished.

Notes
Turn   | Place    | Note
-------+----------+-------------------------------------------
     0 | D:1      | shadowmeld the Djinni Transmuter began the quest for the
                  | Orb.
     0 | D:1      | shadowmeld set off with the following spells memorised:
                  | Beastly Appendage, Wereblood, Spider Form, Ice Form.
     0 | D:1      | Reached XP level 1. HP: 17/17 MP: 0/0
   100 | D:1      | Found a faded altar of an unknown god.
   412 | D:1      | Reached XP level 2. HP: 13/22 MP: 0/0
   913 | D:1      | Reached XP level 3. HP: 13/27 MP: 0/0
   913 | D:1      | Learned a level 1 spell: Summon Small Mammal
   968 | D:1      | HP: 1/27 [quokka (3)]
   969 | D:1      | Slain by a quokka

Illustrated notes

Levels and vault maps discovered:
D:1:      erik_arrival_orb_chamber, layout_rooms,
          hellmonk_ecumenical_altar_lost_god, roderic_roman_lattice

Skill      XL: |  1  2 |
---------------+-------+-----
Spellcasting   | 2 |  2.0
Fighting       | |  1.0
Dodging        | |  2.4
Unarmed Combat | |  3.5

Action                   || total
-------------------------++-------
Melee: Unarmed           ||    92
       Punch             ||     1
  Use: Potion            ||     1
Armor: Robe              ||    36
Dodge: Dodged            ||   107
